Match 34825129
Unlisted

Match 34825129
End
Panzergrenadier Squad
Kradschützen Motorcycle Team
Selects Italian Combined Arms Battlegroup
Selects Bersaglieri Squad
Bersaglieri Squad
Bersaglieri Squad
Construct Light Support Kompanie
Bersaglieri Squad
Fire Support Elements
2.5-tonne Medical Truck
le.IG 18 Mechanized Group
Selects Semovente da 75/18 Assault Gun
Semovente da 75/18 Assault Gun
Selects Strafing Run
Semovente da 75/18 Assault Gun
Strafing Run
le.IG 18 Mechanized Group
Strafing Run
UH|dun! ツ
UH|ck
UH|XTC
max7716
mntahoe
EMSO
0
0

Comments sign in to comment!

No comments posted yet!